 Seeded DCSS version 0.29.1-13-g9f3cf754e1 (webtiles) character file.

Game seed: 3467139861098030199 (custom seed)

153 purpskrrrp the Covered (level 5, -1/32 HPs)
             Began as a Gargoyle Fighter on Feb 4, 2023.
             Slain by a gnoll
             ... wielding a +0 halberd
              (12 damage)
             ... on level 3 of the Dungeon.
             The game lasted 00:03:45 (2423 turns).

purpskrrrp the Covered (Gargoyle Fighter)           Turns: 2423, Time: 00:03:46

Health: -1/32      AC: 14    Str: 25    XL:     5   Next: 35%
Magic:  5/5        EV:  8    Int:  9    God:
Gold:   159        SH:  4    Dex:  9    Spells: 4/4 levels left

rFire   . . .      SeeInvis .   h - +2 dagger (venom)
rCold   + . .      Faith    .   c - +0 buckler
rNeg    + . .      Spirit   .   j - +0 chain mail
rPois   ∞          Reflect  .   (no helmet)
rElec   +          Harm     .   (no cloak)
rCorr   .          Rampage  .   (no gloves)
Will    .....                   (no boots)
Stlth   ..........              (no amulet)
HPRegen 0.10/turn               v - ring of protection from fire
MPRegen 0.09/turn               y - ring of Plog {Ice rElec Str+4}

@: no status effects
A: sickness immunity, AC +4, negative energy resistance 1, electricity
resistance, torment resistance 1, petrification resistance
a: no special abilities


You were on level 3 of the Dungeon.
You visited 1 branch of the dungeon, and saw 3 of its levels.

You collected 159 gold pieces.

Inventory:

Hand Weapons
 a - a +0 flail
 h - a +2 dagger of venom (weapon)
Missiles
 o - 6 boomerangs of dispersal
 u - 5 boomerangs
Armour
 b - a +0 scale mail
 c - a +0 buckler (worn)
 j - a +0 chain mail (worn)
Jewellery
 v - a ring of protection from fire (left hand)
 y - the ring of Plog (right hand) {Ice rElec Str+4}
   (You found it on level 3 of the Dungeon)

   [ring of ice]

   It enhances your ice magic.
   Str:       It affects your strength (+4).
   rF:        It makes you vulnerable to fire.
   rC:        It protects you from cold.
   rElec:     It insulates you from electricity.
Scrolls
 k - a scroll of fear
 l - a scroll of poison
 q - a scroll of identify
 r - a scroll of silence {unknown}
 t - a scroll of vulnerability {unknown}
 w - a scroll of teleportation {unknown}
 x - a scroll of brand weapon {unknown}
Potions
 d - 2 potions of might
 e - a potion of heal wounds
 f - 2 potions of attraction
 g - a potion of haste {unknown}
 i - 3 potions of curing
 m - a potion of brilliance {unknown}
 n - a potion of berserk rage {unknown}
 p - a potion of lignification {unknown}
 s - a potion of invisibility {unknown}


   Skills:
 - Level 3.2 Fighting
 - Level 2.0 Maces & Flails
 + Level 6.4 Armour
 - Level 3.2 Shields


You had 4 spell levels left.
You didn't know any spells.
Your spell library contained the following spells:

 Spells                   Type           Power      Damage    Failure   Level
 Blink                    Tloc           0%         N/A       99%         2
 Gell's Gravitas          Tloc           0%         N/A       100%        3
 Ignite Poison            Fire/Tmut/Pois 0%         N/A       100%        3
 Mephitic Cloud           Conj/Pois/Air  0%         N/A       100%        3
 Portal Projectile        Hex/Tloc       0%         N/A       100%        3
 Teleport Other           Tloc           0%         N/A       100%        3
 Tukima's Dance           Hex            0%         N/A       100%        3
 Blade Hands              Tmut           0%         N/A       100%        5
 Freezing Cloud           Conj/Ice/Air   0%         6-21      100%        5
 Manifold Assault         Tloc           0%         N/A       100%        5
 Dispersal                Tloc           0%         N/A       100%        6
 Storm Form               Tmut/Air       0%         N/A       100%        7


Dungeon Overview and Level Annotations

Branches:
Dungeon (3/15)

Altars:
Ru

Shops:
D:2 [


Innate Abilities, Weirdness & Mutations

You are immune to sickness and miasma.
Your stone body is resilient. (AC +4)
You are immune to poison.
You resist negative energy. (rN+)
You are resistant to electric shocks. (rElec)
You are resistant to unholy torment.
You are immune to petrification.


Message History

The gnoll is moderately wounded.
The gnoll barely misses you.
You closely miss the gnoll.
The gnoll is moderately wounded.
The gnoll hits you with a +0 halberd.
You hit the gnoll but do no damage.
The gnoll is heavily wounded.
The gnoll barely misses you.
You closely miss the gnoll.
The gnoll is heavily wounded.
The gnoll hits you with a +0 halberd!
You are too injured to fight recklessly!
You are too injured to fight recklessly!
You are too injured to fight recklessly!
You are too injured to fight recklessly!
You are too injured to fight recklessly!
You are too injured to fight recklessly!
You are too injured to fight recklessly!
You are too injured to fight recklessly!
You are too injured to fight recklessly!
You are too injured to fight recklessly!
You are too injured to fight recklessly!
You are too injured to fight recklessly!
You are too injured to fight recklessly!
You are too injured to fight recklessly!
You are too injured to fight recklessly!
You are too injured to fight recklessly!
You are too injured to fight recklessly!
You are too injured to fight recklessly!
You are too injured to fight recklessly!
You hit the gnoll but do no damage.
The gnoll is heavily wounded.
The gnoll hits you but does no damage.
You closely miss the gnoll.
The gnoll is heavily wounded.
The gnoll hits you but does no damage.
You hit the gnoll but do no damage.
The gnoll looks even sicker.
The gnoll is severely wounded.
The gnoll hits you with a +0 halberd!
You die...

##### #...# #...# #...###
###.....# .##...#.# #####
.##...#.## #########≈.≈#
.###.##..#######)g.....#._§#
................@# #...#
.###......######## #####≈.≈#
..#####....## #...#≈.≈#
..#######..>########<###≈.§#
......................##...#
...########............#...##
.#.# ##................# .#)#
##..##.........### .#.#
#........##..##


You could see a gnoll (very poisoned).

Vanquished Creatures
  A jelly (D:3)
  2 gnolls (D:3)
  3 adders (D:2)
  A worm (D:3)
  6 dart slugs
  An endoplasm (D:3)
  5 giant cockroaches
  4 goblins
  5 hobgoblins
  6 quokkas
  3 ball pythons
  7 bats
  6 frilled lizards
  5 kobolds
  8 rats
63 creatures vanquished.

Notes
Turn   | Place    | Note
-------+----------+-------------------------------------------
     0 | D:1      | purpskrrrp the Gargoyle Fighter began the quest for the
                  | Orb.
     0 | D:1      | Reached XP level 1. HP: 14/14 MP: 1/1
   268 | D:1      | Reached XP level 2. HP: 17/19 MP: 2/2
   270 | D:1      | Reached skill level 4 in Armour
   610 | D:1      | Found a faded altar of an unknown god.
   689 | D:1      | Reached XP level 3. HP: 21/23 MP: 3/3
   995 | D:2      | Found Kateynok's Antique Armour Boutique.
  1112 | D:2      | Reached skill level 5 in Armour
  1267 | D:2      | Reached XP level 4. HP: 28/28 MP: 4/4
  1710 | D:3      | Found a sacrificial altar of Ru.
  1826 | D:3      | Identified the ring of Plog {Ice rElec Str+4}
  2009 | D:3      | Reached skill level 6 in Armour
  2009 | D:3      | Reached XP level 5. HP: 16/32 MP: 5/5
  2423 | D:3      | Slain by a gnoll

Illustrated notes

Levels and vault maps discovered:
D:1:      dpeg_arrival_signposts, layout_rooms,
          shapermc_ecumenical_altar_mp_highgroup
D:2:      layout_loops_cross, serial_shops, shop
D:3:      layout_rooms, pf_just_have_faith, serial_park_tiny_pond

Skill      XL: |  1  2  3  4 |
---------------+-------------+-----
Armour         | 4 5 6 |  6.4
Fighting       | |  3.2
Maces & Flails | |  2.0
Shields        | |  3.2

Action                   |  1- 3 |  4- 6 || total
-------------------------+-------+-------++-------
Melee: Flail             |    19 |       ||    19
       Dagger            |    91 |    88 ||   179
Throw: Boomerang         |       |     1 ||     1
  Use: Scroll            |       |     5 ||     5
Armor: Scale mail        |    16 |       ||    16
       Chain mail        |    63 |    49 ||   112
Dodge: Dodged            |    46 |    27 ||    73
Block: Buckler           |    27 |    17 ||    44
